[Event "Titled Tuesday Blitz February 22 Late 2022"]
[White "Ponkratov, Pavel"]
[Black "Ezat, Mohamed"]
[WhiteFideId "4157800"]
[BlackFideId "10600906"]
[WhiteElo "2487"]
[BlackElo "2386"]
[Result "1/2-1/2"]
[Round "03"]
[TimeControl "180+1"]
[Date "2022.02.22"]
[WhiteClock "0:00:38"]
[BlackClock "0:00:03"]

1. d4 Nf6 2. c4 g6 3. Nc3 Bg7 4. e4 d6 5. f4 O-O 6. Nf3 c5 7. d5 e5 8. dxe6 Bxe6 9. Bd3 Bg4 10. O-O Nc6 11. h3 Bxf3 12. Qxf3 Nd4 13. Qf2 Nd7 14. Be3 a6 15. Rad1 b5 16. b3 Nb6 17. cxb5 axb5 18. Nxb5 Nxb5 19. Bxb5 Qc7 20. e5 dxe5 21. f5 Rfd8 22. Rxd8+ Rxd8 23. Bxc5 Nd5 24. Bc4 Nf4 25. fxg6 hxg6 26. b4 Bf8 27. Bxf8 Kxf8 28. Bb3 Kg7 29. b5 Qc3 30. Qa7 Nxh3+ 31. Kh2 Ng5 32. Rxf7+ Nxf7 33. Qxf7+ Kh6 34. Qe7 Qd4 35. Bc2 Qf4+ 36. Kh3 Rd2 37. Qc5 Rd4 38. Qe7 Qg4+ 39. Kh2 Qf4+ 40. Kh3 Qg4+ 41. Kh2 Qh4+ 42. Qxh4+ Rxh4+ 43. Kg3 Rb4 44. a4 Kg5 45. Kf3 Kf6 46. Ke3 Ke6 47. Kd3 Kd5 48. Kc3 Kc5 49. Bxg6 Rxa4 50. Be8 Rg4 51. Bc6 e4 52. Kd2 Kd4 53. b6 Rxg2+ 54. Kd1 Rb2 55. b7 e3 56. Bf3 Kd3 57. Be2+ Kc3 58. Ba6 Kd4 59. Kc1 Rb6 60. Kc2 Ke4 61. Kc3 Kf3 62. Kd4 e2 63. Kc5 e1=Q 64. Kxb6 Qe3+ 65. Kc7 Qe5+ 66. Kc8 Qc5+ 67. Kb8 Kf4 68. Ka8 Qc6 69. Ka7 Qc7 70. Ka8 Qc6 71. Ka7 Qc5+ 72. Ka8 Qc6 1/2-1/2


[Site "https://www.chess.com"]

[Event "Titled Tuesday Blitz February 22 Late 2022"]
[White "Pultinevicius, Paulius"]
[Black "Svane, Rasmus"]
[WhiteFideId "12809390"]
[BlackFideId "4657101"]
[WhiteElo "2413"]
[BlackElo "2645"]
[Result "1-0"]
[Round "03"]
[TimeControl "180+1"]
[Date "2022.02.22"]
[WhiteClock "0:01:00"]
[BlackClock "0:00:05"]

1. d4 Nf6 2. c4 e6 3. Nf3 d5 4. g3 dxc4 5. Bg2 Bb4+ 6. Bd2 a5 7. Qc2 b6 8. Bxb4 axb4 9. Qxc4 Qd6 10. O-O Ba6 11. Qc2 O-O 12. Rc1 Rc8 13. Nbd2 Bxe2 14. Ng5 Ra5 15. Nde4 Nxe4 16. Nxe4 Qxd4 17. Qxe2 c5 18. Rd1 Qe5 19. Qd2 h6 20. Nd6 Rd8 21. Nxf7 Rxd2 22. Nxe5 Rxd1+ 23. Rxd1 Rxa2 24. Rd8+ Kh7 25. Be4+ g6 26. Rxb8 Kg7 1-0


[Site "https://www.chess.com"]

[Event "Titled Tuesday Blitz February 22 Late 2022"]
[White "Qashashvili, Alexandre"]
[Black "Wachinger, Guenther"]
[WhiteFideId "13600842"]
[BlackFideId "4604261"]
[WhiteElo "2316"]
[BlackElo "2212"]
[Result "0-1"]
[Round "03"]
[TimeControl "180+1"]
[Date "2022.02.23"]
[WhiteClock "0:00:10"]
[BlackClock "0:00:16"]

1. e4 c5 2. Nc3 g6 3. Nf3 Bg7 4. d3 Nc6 5. Be3 d6 6. Qd2 Nf6 7. Bh6 O-O 8. h4 Bg4 9. h5 Bxh5 10. Be2 Nd4 11. Bxg7 Kxg7 12. Nd5 Nxd5 13. Nxd4 Nf6 14. Bxh5 cxd4 15. Bf3 e5 16. Qh6+ Kg8 17. g4 Qa5+ 18. Kf1 Qc7 19. g5 Nh5 20. Bxh5 gxh5 21. Rxh5 f6 22. gxf6 Rf7 23. Kg2 Kh8 24. Rah1 Rg8+ 25. Kf1 Rgf8 26. Qd2 Rxf6 27. Rxh7+ Qxh7 28. Rxh7+ Kxh7 29. Qe2 Kg7 30. Qg4+ Kh6 31. Ke1 Rxf2 32. Qh4+ Kg6 33. Qxf2 Rxf2 34. Kxf2 Kf6 35. Kg3 Kg5 36. c3 dxc3 37. bxc3 b5 38. Kf3 Kh4 39. d4 a5 40. a3 a4 41. Ke3 Kg3 42. Kd3 Kf3 43. d5 Kf4 44. c4 bxc4+ 45. Kxc4 Kxe4 46. Kb4 Kxd5 47. Kxa4 Kc4 48. Ka5 e4 49. Ka4 e3 50. Ka5 e2 51. Ka4 d5 52. Ka5 e1=Q+ 53. Kb6 Qb1+ 54. Kc6 d4 55. a4 d3 56. a5 d2 57. a6 d1=Q 58. a7 Qd5+ 59. Kc7 Qbb7# 0-1


[Site "https://www.chess.com"]

[Event "Titled Tuesday Blitz February 22 Late 2022"]
[White "Quirke, Jeffrey"]
[Black "Fiorito, Fabian"]
[WhiteFideId "2013029"]
[BlackFideId "100200"]
[WhiteElo "2209"]
[BlackElo "2395"]
[Result "0-1"]
[Round "03"]
[TimeControl "180+1"]
[Date "2022.02.23"]
[WhiteClock "0:02:04"]
[BlackClock "0:02:36"]

1. c4 c6 2. g3 d5 3. Bg2 Nf6 4. Nf3 Bf5 5. O-O e6 6. d3 Nbd7 7. Nbd2 h6 8. b3 Be7 9. Bb2 O-O 10. Rc1 a5 11. a3 Qb6 12. Qc2 Bc5 13. e3 Ng4 14. Nd4 Bg6 15. h3 Nge5 0-1


[Site "https://www.chess.com"]

[Event "Titled Tuesday Blitz February 22 Late 2022"]
[White "Riehle, Marco"]
[Black "Chabris, Christopher"]
[WhiteFideId "12904392"]
[BlackFideId "2005263"]
[WhiteElo "2462"]
[BlackElo "2318"]
[Result "1-0"]
[Round "03"]
[TimeControl "180+1"]
[Date "2022.02.23"]
[WhiteClock "0:00:29"]
[BlackClock "0:00:01"]

1. e4 c5 2. a3 g6 3. h4 h5 4. Nc3 Bg7 5. Bc4 Nc6 6. d3 a6 7. Nf3 e6 8. Bg5 Qc7 9. Qd2 b5 10. Ba2 Nd4 11. Nxd4 cxd4 12. Ne2 Bb7 13. O-O-O Rc8 14. Kb1 Ne7 15. f4 f6 16. f5 fxg5 17. fxe6 d5 18. Rc1 dxe4 19. dxe4 Bxe4 20. Nxd4 O-O 21. Nf3 Bxf3 22. gxf3 Qe5 23. c3 b4 24. axb4 a5 25. bxa5 Rxf3 26. Qxg5 Rf2 27. Qxe7 Rb8 28. Qa3 Qe2 29. b4 Qd3+ 30. Ka1 Kh7 31. Rhd1 Qe2 32. Re1 Qd2 33. Red1 Qe2 34. e7 Re8 35. Re1 Qd2 36. Red1 Qe2 37. Bb1 Rxe7 38. Bd3 Qe5 39. Rc2 Rxc2 40. Bxc2 Qxc3+ 41. Qxc3 Bxc3+ 42. Ka2 Bxb4 43. Rd5 Ra7 44. Kb3 Bxa5 45. Rxh5+ Kg7 46. Rg5 Ra6 47. h5 Kh6 48. Rd5 g5 49. Bd1 Be1 50. Be2 Rb6+ 51. Kc4 Rf6 52. Kd3 Bg3 53. Bg4 Bf4 54. Ke4 Rf7 55. Rb5 Re7+ 56. Kf3 Re5 57. Rb6+ Kg7 58. Rb7+ Kh6 59. Rb6+ Kg7 60. Kf2 Kh7 61. Be2 Kg7 62. h6+ Kh7 63. Bd3+ Kg8 64. h7+ Kg7 65. Rb7+ 1-0


[Site "https://www.chess.com"]

[Event "Titled Tuesday Blitz February 22 Late 2022"]
[White "Roque Sola, Jose Luis"]
[Black "Horak, Martin"]
[WhiteFideId "5120390"]
[BlackFideId "367095"]
[WhiteElo "1983"]
[BlackElo "1997"]
[Result "0-1"]
[Round "03"]
[TimeControl "180+1"]
[Date "2022.02.23"]
[WhiteClock "0:00:12"]
[BlackClock "0:00:36"]

1. c4 c5 2. Nc3 Nc6 3. Nf3 g6 4. g3 Bg7 5. Bg2 e5 6. O-O d6 7. a3 a5 8. Rb1 Be6 9. d3 Nge7 10. Ne1 d5 11. cxd5 Nxd5 12. Ne4 b6 13. Qa4 Rc8 14. Nc2 O-O 15. Ne3 Nxe3 16. Bxe3 Bd5 17. Rbc1 f5 18. Ng5 Bxg2 19. Kxg2 Qd5+ 20. Kg1 f4 21. Bd2 Nd4 22. Rfe1 h6 23. Ne4 f3 24. e3 Ne2+ 25. Rxe2 fxe2 26. Qc4 Qxc4 27. Rxc4 Rfd8 28. d4 cxd4 0-1


[Site "https://www.chess.com"]

[Event "Titled Tuesday Blitz February 22 Late 2022"]
[White "Sadhwani, Raunak"]
[Black "Jaracz, Pawel"]
[WhiteFideId "35093487"]
[BlackFideId "1102222"]
[WhiteElo "2616"]
[BlackElo "2429"]
[Result "1-0"]
[Round "03"]
[TimeControl "180+1"]
[Date "2022.02.22"]
[WhiteClock "0:00:02"]
[BlackClock "0:00:01"]

1. d4 Nf6 2. Nf3 d5 3. Bf4 c5 4. e3 e6 5. Nbd2 Bd6 6. c3 O-O 7. Bd3 b6 8. Bxd6 Qxd6 9. e4 Qc6 10. e5 Ne4 11. Qe2 Bb7 12. O-O Nd7 13. Rfe1 cxd4 14. Nxd4 Qc7 15. Nxe4 dxe4 16. Bxe4 Bxe4 17. Qxe4 a6 18. Qc6 Qa7 19. Rad1 Rac8 20. Qf3 Qc7 21. Qg3 b5 22. h4 h6 23. h5 Nb6 24. Re4 Kh8 25. Rde1 Nd5 26. a3 Qe7 27. Kh2 Rc4 28. Rg4 Rg8 29. Re2 Qe8 30. f4 Ne7 31. f5 exf5 32. Rf4 Qd7 33. e6 fxe6 34. Nxe6 Rxf4 35. Nxf4 Kh7 36. Qe3 Nd5 37. Qd4 Rd8 38. Ne6 Qd6+ 39. g3 Rd7 40. Nc5 Rf7 41. Rd2 f4 42. Qe4+ Kh8 43. Rxd5 fxg3+ 44. Kg1 Qf6 45. Qe8+ Kh7 46. Qe2 1-0


[Site "https://www.chess.com"]

[Event "Titled Tuesday Blitz February 22 Late 2022"]
[White "Sailer, Mike"]
[Black "Baches Garcia, Guillermo"]
[WhiteFideId "2012901"]
[BlackFideId "2209764"]
[WhiteElo "2109"]
[BlackElo "2403"]
[Result "1/2-1/2"]
[Round "03"]
[TimeControl "180+1"]
[Date "2022.02.23"]
[WhiteClock "0:01:41"]
[BlackClock "0:00:48"]

1. d4 Nf6 2. Nf3 c5 3. c3 b6 4. Bf4 Bb7 5. e3 cxd4 6. exd4 e6 7. Be2 d6 8. O-O Be7 9. Nbd2 O-O 10. h3 Nbd7 11. a4 a6 12. Re1 Qc7 13. c4 Rfe8 14. b4 Rac8 15. c5 bxc5 16. bxc5 e5 17. cxd6 Bxd6 18. dxe5 Nxe5 19. Nxe5 Bxe5 20. Bxe5 Rxe5 21. Bf3 Rxe1+ 22. Qxe1 g6 23. Bxb7 Qxb7 24. Qe5 Kg7 25. Rb1 Qc6 26. a5 Re8 27. Qd4 Re6 28. Rb6 Qd5 1/2-1/2


[Site "https://www.chess.com"]

[Event "Titled Tuesday Blitz February 22 Late 2022"]
[White "Salimova, Nurgyul"]
[Black "Kobalia, Mikhail"]
[WhiteFideId "2915138"]
[BlackFideId "4119150"]
[WhiteElo "2185"]
[BlackElo "2667"]
[Result "0-1"]
[Round "03"]
[TimeControl "180+1"]
[Date "2022.02.22"]
[WhiteClock "0:00:04"]
[BlackClock "0:00:07"]

1. d4 d5 2. Nf3 Nf6 3. Bf4 c5 4. e3 Nc6 5. Nbd2 cxd4 6. exd4 Bg4 7. c3 e6 8. Qb3 Bd6 9. Bxd6 Qxd6 10. Bd3 O-O 11. O-O Rab8 12. Rae1 Qc7 13. h3 Bh5 14. Ne5 b5 15. a3 a5 16. Bxb5 Na7 17. a4 Nxb5 18. axb5 Qb6 19. Nc6 Rb7 20. Qa3 Ra8 21. b4 a4 22. Na5 Rc7 23. Re3 Qxb5 24. Ra1 Rac8 25. Qxa4 Qxa4 26. Rxa4 Rxc3 27. Rxc3 Rxc3 28. b5 Nd7 29. Nc6 h6 30. Ra7 Nb6 31. Ra6 Nc4 32. Nxc4 dxc4 33. b6 Rb3 34. Na5 Rb1+ 35. Kh2 c3 36. b7 c2 37. Rc6 Bd1 38. Rc3 Rb5 39. Rc5 Rb4 40. Rc4 Rb6 41. Rc3 Kh7 42. g3 Rb1 43. g4 Bf3 44. Kg3 Bxb7 45. Rxc2 Bd5 46. Nc6 Rb3+ 47. Kh2 Be4 48. Rc5 Rf3 49. Ne5 Rxf2+ 50. Kg3 Rg2+ 51. Kf4 Bd5 52. Rc7 Rf2+ 53. Nf3 Rxf3+ 54. Ke5 Kg6 55. Kd6 Rxh3 0-1


[Site "https://www.chess.com"]

[Event "Titled Tuesday Blitz February 22 Late 2022"]
[White "Saraci, Nderim"]
[Black "Lewtak, Damian"]
[WhiteFideId "6351921"]
[BlackFideId "1141724"]
[WhiteElo "2573"]
[BlackElo "2361"]
[Result "1-0"]
[Round "03"]
[TimeControl "180+1"]
[Date "2022.02.22"]
[WhiteClock "0:01:23"]
[BlackClock "0:00:23"]

1. d4 Nf6 2. Nf3 c5 3. g3 cxd4 4. Nxd4 e5 5. Nb3 d5 6. Bg2 Be6 7. O-O Nbd7 8. Bg5 Be7 9. N1d2 O-O 10. Rc1 Rc8 11. c3 h6 12. Bxf6 Nxf6 13. e4 Qc7 14. exd5 Bxd5 15. Bxd5 Nxd5 16. Qf3 Rfd8 17. Rfe1 Nf6 18. Ne4 a5 19. Nbd2 Nd5 20. Nf1 Qb6 21. b3 Ba3 22. Rcd1 Ne7 23. Ne3 Qc7 24. Nf5 Nxf5 25. Qxf5 Be7 26. c4 g6 27. Qf3 f5 28. Nc3 Bb4 29. Nd5 Qf7 30. Rxe5 Bc5 31. Rde1 Kg7 32. Re7 1-0


[Site "https://www.chess.com"]

[Event "Titled Tuesday Blitz February 22 Late 2022"]
[White "Sarana, Alexey"]
[Black "Pakleza, Zbigniew"]
[WhiteFideId "24133795"]
[BlackFideId "1119290"]
[WhiteElo "2665"]
[BlackElo "2467"]
[Result "1-0"]
[Round "03"]
[TimeControl "180+1"]
[Date "2022.02.22"]
[WhiteClock "0:01:36"]
[BlackClock "0:00:17"]

1. d4 d6 2. e4 Nf6 3. Nc3 c6 4. Bd3 e5 5. Nge2 Nbd7 6. O-O Be7 7. f4 O-O 8. Kh1 Re8 9. Be3 Bf8 10. Bg1 exd4 11. Bxd4 Nc5 12. Ng3 Nxd3 13. cxd3 d5 14. Bxf6 Qxf6 15. e5 Qh4 16. d4 f5 17. Qd3 g6 18. Nge2 Be6 19. Ng1 Red8 20. g3 Qe7 21. Nf3 h6 22. Nd1 b6 23. Ne3 c5 24. g4 Qf7 25. gxf5 Bxf5 26. Nxf5 Qxf5 27. Qxf5 gxf5 28. Nh4 Kf7 29. Nxf5 Ke6 30. Nh4 cxd4 31. Rae1 Be7 32. f5+ Kd7 33. f6 Bb4 34. e6+ Kc6 35. Rd1 Kd6 36. e7 Rdc8 37. Nf5+ 1-0


[Site "https://www.chess.com"]

[Event "Titled Tuesday Blitz February 22 Late 2022"]
[White "Sargsyan, Anna M."]
[Black "Ankerst, Mihael"]
[WhiteFideId "13308130"]
[BlackFideId "14602369"]
[WhiteElo "2271"]
[BlackElo "2337"]
[Result "0-1"]
[Round "03"]
[TimeControl "180+1"]
[Date "2022.02.23"]
[WhiteClock "0:02:17"]
[BlackClock "0:01:03"]

1. d4 Nf6 2. c4 g6 3. g3 Bg7 4. Bg2 d6 5. Nc3 O-O 6. Nf3 Nbd7 7. O-O e5 8. e4 c6 9. h3 exd4 10. Nxd4 Nb6 11. b3 d5 12. cxd5 cxd5 13. e5 Ne4 14. Nxe4 dxe4 15. Bf4 Nd5 16. Bxe4 Nc3 17. Qd3 Qxd4 18. Qxd4 Ne2+ 19. Kg2 Nxd4 20. Rfd1 Nc6 21. Bxc6 bxc6 22. Rac1 Re8 23. Kh2 Bxe5 24. Re1 f6 25. Rxc6 Bb7 26. Rc4 Bxf4 27. Rxe8+ Rxe8 28. Rxf4 f5 29. g4 fxg4 30. Rxg4 Re2 31. Kg3 Rxa2 32. Rb4 Bd5 33. Rb5 Be6 34. b4 Ra3+ 35. f3 Kf7 36. h4 Kf6 37. h5 g5 38. Kf2 h6 39. Rb8 Bf7 0-1


[Site "https://www.chess.com"]

[Event "Titled Tuesday Blitz February 22 Late 2022"]
[White "Schut, Han"]
[Black "Dauner, Benedikt"]
[WhiteFideId "1005561"]
[BlackFideId "16225899"]
[WhiteElo "2057"]
[BlackElo "2230"]
[Result "1-0"]
[Round "03"]
[TimeControl "180+1"]
[Date "2022.02.23"]
[WhiteClock "0:00:14"]
[BlackClock "0:00:04"]

1. e4 c5 2. Nf3 e6 3. c4 Nc6 4. Nc3 Nf6 5. Be2 d5 6. exd5 exd5 7. d4 cxd4 8. Nxd4 Bc5 9. Nb3 Bb4 10. O-O dxc4 11. Qxd8+ Nxd8 12. Bxc4 O-O 13. Bg5 Be7 14. Rfe1 Be6 15. Bxe6 Nxe6 16. Bh4 Rfe8 17. Rad1 a6 18. h3 h6 19. Rd2 Rac8 20. Red1 Rc4 21. Bxf6 Bxf6 22. Nd5 Be5 23. Ne3 Rc7 24. Rd7 Bxb2 25. Rxc7 Nxc7 26. Rd7 Be5 27. g3 b5 28. Ng4 Na8 29. Nxe5 Rxe5 30. Rd8+ Kh7 31. Rxa8 Re1+ 32. Kg2 Re6 33. Nc5 Re2 34. Rxa6 Rc2 35. Nd7 Rd2 36. Nf8+ Kg8 37. Ra8 Rb2 38. Ne6+ Kh7 39. Nf8+ Kg8 40. Nd7+ Kh7 41. a3 Ra2 42. Ra5 Rb2 43. Ne5 Rb1 44. Nf3 Rb2 45. Nd4 Rd2 46. Nxb5 Ra2 47. a4 Ra1 48. Ra7 Ra2 49. Nc7 h5 50. Ne8 g6 51. Rxf7+ Kh6 52. Ra7 Ra3 53. Nf6 g5 54. Ng8+ Kg6 55. Ne7+ Kf6 56. Nc6 Kg6 57. a5 h4 58. a6 hxg3 59. fxg3 Ra2+ 60. Kf3 Ra3+ 61. Ke4 Rxg3 62. Ra8 Rxh3 63. a7 Ra3 64. Rg8+ Kh5 65. a8=Q Rb3 66. Qe8+ Kg4 67. Qe6+ Kg3 68. Qxb3+ Kg2 69. Qf3+ Kh2 70. Rh8+ Kg1 71. Qh1+ Kf2 72. Rf8+ Ke2 73. Qg2+ Ke1 74. Rf1# 1-0


[Site "https://www.chess.com"]

[Event "Titled Tuesday Blitz February 22 Late 2022"]
[White "Shahaliyev, Ismayil"]
[Black "Sjugirov, Sanan"]
[WhiteFideId "13406388"]
[BlackFideId "4189302"]
[WhiteElo "2105"]
[BlackElo "2602"]
[Result "0-1"]
[Round "03"]
[TimeControl "180+1"]
[Date "2022.02.22"]
[WhiteClock "0:00:05"]
[BlackClock "0:00:03"]

1. d4 Nf6 2. c4 g6 3. Nf3 Bg7 4. g3 O-O 5. Bg2 d6 6. O-O c6 7. Nc3 Bf5 8. Ne1 e5 9. d5 cxd5 10. cxd5 Na6 11. e4 Bg4 12. f3 Bd7 13. Be3 b5 14. a3 Qb8 15. b4 Rc8 16. Qd2 Nc7 17. Nd3 Be8 18. Rfb1 Nd7 19. Bh3 Rd8 20. Rc1 Nb6 21. Nb2 a5 22. Qf2 Nc4 23. Nxc4 bxc4 24. bxa5 Bd7 25. Bxd7 Rxd7 26. Rab1 Qc8 27. Bb6 Bh6 28. Rc2 f5 29. exf5 gxf5 30. Qe2 Ne8 31. Nd1 Rb7 32. Rxc4 Qd7 33. Rbb4 Nf6 34. Nc3 Qf7 35. Rh4 Bg5 36. Rhc4 Nxd5 37. Nxd5 Qxd5 38. a6 Rf7 39. Kg2 Kg7 40. a7 Qe6 41. Rc6 Be7 42. Qc4 Qh6 43. Rb2 f4 44. Rc8 d5 45. Qc6 Rxc8 46. Qxc8 e4 47. Qg4+ Bg5 48. a8=Q fxg3 49. hxg3 exf3+ 50. Qxf3 Rxf3 51. Kxf3 Qf6+ 52. Kg4 Qxb2 53. Qb7+ Kg6 54. Qc6+ Bf6 55. Be3 Qe2+ 56. Kf4 Qf1+ 57. Kg4 Qf5# 0-1


[Site "https://www.chess.com"]

[Event "Titled Tuesday Blitz February 22 Late 2022"]
[White "Sharafiev, Azat"]
[Black "Glavina, Pablo"]
[WhiteFideId "4186214"]
[BlackFideId "100234"]
[WhiteElo "2299"]
[BlackElo "2369"]
[Result "1-0"]
[Round "03"]
[TimeControl "180+1"]
[Date "2022.02.23"]
[WhiteClock "0:02:02"]
[BlackClock "0:01:42"]

1. d4 Nf6 2. Nf3 g6 3. Bg5 Bg7 4. Nbd2 c5 5. e3 b6 6. Bd3 Bb7 7. c3 d5 8. Qb1 Nbd7 9. a4 a6 10. b4 c4 11. Bc2 h6 12. Bh4 O-O 13. O-O Qc7 14. Bg3 Qc8 15. h3 Re8 16. Ne5 Nxe5 17. Bxe5 Qe6 18. f4 Ne4 19. Nxe4 dxe4 20. Bxe4 Bxe4 21. Qxe4 f5 22. Qb7 Bxe5 23. fxe5 Reb8 24. Qf3 b5 25. axb5 1-0


[Site "https://www.chess.com"]

[Event "Titled Tuesday Blitz February 22 Late 2022"]
[White "Shirazi, Kamran"]
[Black "Mikheev, Stanislav"]
[WhiteFideId "2000733"]
[BlackFideId "4135920"]
[WhiteElo "2317"]
[BlackElo "2249"]
[Result "1/2-1/2"]
[Round "03"]
[TimeControl "180+1"]
[Date "2022.02.23"]
[WhiteClock "0:00:23"]
[BlackClock "0:00:39"]

1. e3 e5 2. Ne2 d5 3. d4 Nc6 4. c4 exd4 5. cxd5 Qxd5 6. Nbc3 Bb4 7. a3 Bxc3+ 8. bxc3 d3 9. Nf4 d2+ 10. Bxd2 Qd6 11. Bc4 Nf6 12. f3 O-O 13. e4 Rd8 14. Qe2 Ne5 15. Ba2 b6 16. Be3 a5 17. Rd1 Qxd1+ 18. Qxd1 Rxd1+ 19. Kxd1 Ba6 20. Kc2 Rd8 21. Rd1 Rxd1 22. Kxd1 Nc4 23. Bc1 Kf8 24. Ke1 Ke7 25. Kf2 Kd6 26. h4 Nd7 27. Nd3 Nde5 28. Bf4 f6 29. Nxe5 Nxe5 30. Bg8 h6 31. g4 Kc5 32. Be3+ Kd6 33. g5 hxg5 34. hxg5 Nc4 35. Bf4+ Ne5 36. Ke3 Ke7 37. Bxe5 fxe5 38. f4 exf4+ 39. Kxf4 Kd6 40. e5+ Kc5 41. Kf5 Bd3+ 42. Kf4 b5 43. Bf7 b4 44. cxb4+ axb4 45. axb4+ Kxb4 46. e6 Bc4 47. g6 Kc5 48. e7 Bb5 49. e8=Q Bxe8 50. Bxe8 Kd6 51. Ke4 Ke7 52. Bf7 Kf8 53. Kd5 Ke7 54. Ke5 Kf8 55. Kf5 Ke7 56. Bc4 Kf8 57. Ke6 Kg8 58. Ke7+ Kh8 59. Kd7 c5 60. Bd3 Kg8 61. Bc2 c4 62. Kd6 c3 63. Ke7 Kh8 64. Kd6 Kg8 65. Kc5 Kh8 66. Kd4 Kg8 67. Kxc3 Kh8 68. Kd4 Kg8 69. Ke5 Kh8 70. Ke6 Kg8 71. Ke7 Kh8 72. Kd7 Kg8 73. Bf5 Kh8 74. Kd6 Kg8 75. Bd7 Kh8 76. Ke7 Kg8 77. Ke8 Kh8 78. Ke7 Kg8 79. Bf5 Kh8 80. Kd6 Kg8 81. Ke5 Kh8 82. Kf4 Kg8 83. Kg5 Kh8 84. Be6 1/2-1/2


[Site "https://www.chess.com"]

[Event "Titled Tuesday Blitz February 22 Late 2022"]
[White "Shirov, Alexei"]
[Black "Martinez Alcantara, Jose Eduardo"]
[WhiteFideId "2209390"]
[BlackFideId "3805662"]
[WhiteElo "2645"]
[BlackElo "2690"]
[Result "0-1"]
[Round "03"]
[TimeControl "180+1"]
[Date "2022.02.22"]
[WhiteClock "0:00:14"]
[BlackClock "0:00:04"]

1. d4 Nf6 2. c4 e6 3. Nf3 Bb4+ 4. Nbd2 b6 5. a3 Bxd2+ 6. Bxd2 Bb7 7. Bg5 d6 8. Nd2 h6 9. Bh4 Nbd7 10. e3 c5 11. Bd3 O-O 12. O-O Rc8 13. Rc1 cxd4 14. exd4 d5 15. b3 Qe7 16. a4 Qb4 17. Re1 Rfe8 18. Nf3 Ne4 19. Ne5 Nxe5 20. dxe5 Nc5 21. Bb1 Nxb3 22. Qd3 g6 23. Rcd1 Rxc4 24. Bf6 Nc5 25. Qh3 Kh7 26. Bg5 Rh8 27. Qf3 Kg8 28. Bf6 Rh7 29. h3 Nd7 30. Qg3 Rg7 31. Bxg7 Kxg7 32. Bd3 Rc3 33. Qe3 Qc5 34. Qe2 Bc6 35. Bb5 a5 36. Rb1 Rc2 37. Qf1 Bxb5 38. Rxb5 Qd4 39. Rbb1 Qxa4 40. Qa6 Qc6 41. Qa7 Qc7 42. Qa6 Qc6 43. Qd3 Rc4 44. Qd2 a4 45. Rbc1 b5 46. Rxc4 bxc4 47. Qb4 Nc5 48. Qa5 Nd3 49. Rb1 c3 50. Rb8 c2 51. Qd8 c1=Q+ 52. Kh2 Qf4+ 0-1


[Site "https://www.chess.com"]

[Event "Titled Tuesday Blitz February 22 Late 2022"]
[White "Shuvalova, Polina"]
[Black "Jarocka, Liwia"]
[WhiteFideId "24171760"]
[BlackFideId "21807558"]
[WhiteElo "2355"]
[BlackElo "1896"]
[Result "0-1"]
[Round "03"]
[TimeControl "180+1"]
[Date "2022.02.23"]
[WhiteClock "0:00:01"]
[BlackClock "0:00:11"]

1. d4 d5 2. Nf3 e6 3. Bf4 Nf6 4. e3 Bd6 5. Nbd2 O-O 6. Bd3 c5 7. c3 b6 8. Qe2 Bb7 9. h4 Ne4 10. h5 f5 11. h6 g6 12. O-O-O Bxf4 13. exf4 Nd7 14. Kb1 Rc8 15. Ng5 Re8 16. Ndf3 Qe7 17. Rhe1 Ndf6 18. Ne5 Nd7 19. f3 Nxe5 20. fxe4 Nxd3 21. Qxd3 dxe4 22. Qe3 Bd5 23. dxc5 Qxc5 24. Rd4 b5 25. Red1 b4 26. cxb4 Qc2+ 27. Ka1 Rc7 28. a3 Rec8 29. Rxd5 exd5 30. Qd4 Qb3 31. Rb1 Qc4 32. Qf6 d4 33. Ne6 Rf7 34. Qe5 Re8 35. Qxd4 Qxe6 36. g4 e3 37. gxf5 Qxf5 38. Re1 e2 39. Qc3 Qf6 40. Qd2 Qe7 41. Qc3 Qe3 42. Qc4 Qe4 43. Qc3 Qxf4 0-1


[Site "https://www.chess.com"]

[Event "Titled Tuesday Blitz February 22 Late 2022"]
[White "Sliwicki, Damian"]
[Black "Samarth, J Rao"]
[WhiteFideId "1127128"]
[BlackFideId "46652370"]
[WhiteElo "2084"]
[BlackElo "1514"]
[Result "0-1"]
[Round "03"]
[TimeControl "180+1"]
[Date "2022.02.23"]
[WhiteClock "0:00:13"]
[BlackClock "0:00:08"]

1. e4 c5 2. Nf3 d6 3. d4 cxd4 4. Qxd4 Nc6 5. Bb5 Bd7 6. Bxc6 bxc6 7. c4 e5 8. Qd3 Qc7 9. Nc3 h6 10. O-O Nf6 11. b3 Be7 12. Ba3 Be6 13. Rac1 c5 14. Rfd1 O-O 15. h3 Rfb8 16. Bb2 Bf8 17. Nb5 Qc6 18. Nxd6 Rd8 19. Bxe5 Bxd6 20. Bxd6 Nxe4 21. Ne5 Qb7 22. Qf3 Rxd6 23. Re1 f5 24. Ng6 Qf7 25. Ne5 Qf6 26. Nd3 Rad8 27. Nf4 Bf7 28. Qe3 g5 29. Nd5 Bxd5 30. cxd5 Rxd5 31. g3 Rd3 32. Qe2 Rd2 33. Qc4+ R8d5 34. Rcd1 Qd6 35. Kg2 Kg7 36. Rxd2 Rxd2 37. Rf1 Qd4 38. Qxd4+ cxd4 39. Kf3 Kf6 40. g4 Ke5 41. gxf5 Kxf5 42. Kg2 Rxa2 43. Kf3 Nd2+ 44. Ke2 Nxf1+ 45. Kxf1 d3 46. Ke1 Ke4 47. Kd1 Kd4 48. b4 Kc3 49. b5 Ra1# 0-1


[Site "https://www.chess.com"]

[Event "Titled Tuesday Blitz February 22 Late 2022"]
[White "Sorokin, Aleksey"]
[Black "Zeynalli, Rashad"]
[WhiteFideId "24176460"]
[BlackFideId "13403320"]
[WhiteElo "2476"]
[BlackElo "2125"]
[Result "1-0"]
[Round "03"]
[TimeControl "180+1"]
[Date "2022.02.22"]
[WhiteClock "0:00:13"]
[BlackClock "0:00:04"]

1. d4 Nf6 2. c4 e6 3. Nf3 d5 4. g3 Be7 5. Bg2 O-O 6. O-O dxc4 7. Qc2 b5 8. a4 b4 9. Nfd2 c6 10. Nxc4 Qxd4 11. Rd1 Qc5 12. Be3 Qh5 13. Nbd2 Ng4 14. Nf3 Nxe3 15. Nxe3 a5 16. g4 Qg6 17. Qc1 Ba6 18. Rd2 Rd8 19. Rxd8+ Bxd8 20. Ne5 Qf6 21. Nxc6 Bb7 22. Nxd8 Bxg2 23. Qc7 Na6 24. Qxf7+ Qxf7 25. Nxf7 Bc6 26. Ne5 Be8 27. Nd3 Rc8 28. b3 Rc3 29. Rb1 Bc6 30. Nc4 Be4 31. Nxa5 Bxd3 32. exd3 Rxd3 33. Nc6 Kf8 34. Kg2 Ke8 35. a5 Rc3 36. Ne5 Nc5 37. Nc6 Kd7 38. Nxb4 Nxb3 39. a6 Kc8 40. a7 Kb7 41. Na2 Rc2 42. Rxb3+ Kxa7 43. Nb4 Rc4 44. h3 g6 45. Nd3 h5 46. Ne5 Re4 47. Re3 Rxe3 48. fxe3 hxg4 49. hxg4 1-0


[Site "https://www.chess.com"]

[Event "Titled Tuesday Blitz February 22 Late 2022"]
[White "Steenbekkers, Franck"]
[Black "Kovanova, Baira"]
[WhiteFideId "1004220"]
[BlackFideId "4164083"]
[WhiteElo "2155"]
[BlackElo "2190"]
[Result "0-1"]
[Round "03"]
[TimeControl "180+1"]
[Date "2022.02.23"]
[WhiteClock "0:01:11"]
[BlackClock "0:01:04"]

1. e4 e5 2. Nf3 Nc6 3. Bb5 a6 4. Ba4 Nge7 5. c3 g6 6. d4 exd4 7. cxd4 b5 8. Bb3 Bg7 9. O-O Na5 10. Bc2 O-O 11. Nc3 d6 12. Bg5 h6 13. Be3 Nc4 14. Bc1 c5 15. b3 Nb6 16. Be3 Qc7 17. Qd2 Bg4 18. dxc5 dxc5 19. Bxh6 Rad8 20. Qe3 Bxh6 21. Qxh6 Bxf3 22. gxf3 Qe5 23. Ne2 Rd6 24. f4 Qe6 25. e5 Qg4+ 26. Ng3 Rd2 27. f5 Rxc2 28. f6 Nf5 29. h3 Nxh6 30. hxg4 Nxg4 0-1


[Site "https://www.chess.com"]

[Event "Titled Tuesday Blitz February 22 Late 2022"]
[White "Sviridov, Valery"]
[Black "Iskusnyh, Sergei"]
[WhiteFideId "4120680"]
[BlackFideId "4120027"]
[WhiteElo "2454"]
[BlackElo "2492"]
[Result "1-0"]
[Round "03"]
[TimeControl "180+1"]
[Date "2022.02.22"]
[WhiteClock "0:01:42"]
[BlackClock "0:00:01"]

1. Nf3 d5 2. g3 Nf6 3. Bg2 c6 4. O-O Bf5 5. c4 e6 6. cxd5 exd5 7. d3 Be7 8. Nc3 O-O 9. Qb3 Qb6 10. Qc2 Na6 11. a3 h6 12. e4 dxe4 13. dxe4 Bh7 14. Be3 Qc7 15. h3 Rfe8 16. b4 Bf8 17. Nd2 Rad8 18. Rac1 Qd7 19. Rfd1 Nd5 20. Nxd5 cxd5 21. Qb3 d4 22. Nf3 Bxe4 23. Rxd4 Qe7 24. Re1 Qf6 25. Rxd8 Qxd8 26. Bxa7 Nc7 27. Bb6 Bxf3 28. Rxe8 Qxe8 29. Bxf3 Ne6 30. Be3 Ng5 31. Bg2 Qd7 32. h4 Ne6 33. Qd5 Qa4 34. Qd3 b5 35. Bd5 h5 36. Kg2 1-0


[Site "https://www.chess.com"]